 Dungeon Crawl Stone Soup version 0.21.0-3-g78d12a8 (webtiles) character file.

4256 MTVSty1e the Cleaver (level 10, -11/83 HPs)
             Began as a Green Draconian Gladiator on Jan 12, 2018.
             Was an Elder of Okawaru.
             Mangled by Amon001's ghost (16 damage)
             ... on level 9 of the Dungeon.
             The game lasted 00:17:17 (9100 turns).

MTVSty1e the Cleaver (Green Draconian Gladiator)    Turns: 9100, Time: 00:17:17

Health: -11/83     AC: 10    Str: 20    XL:     10   Next: 10%
Magic:  10/10      EV: 14    Int:  8    God:    Okawaru [****..]
Gold:   435        SH:  5    Dex: 13    Spells: 9/9 levels left

rFire    . . .     SeeInvis .   e - +1 war axe (chop)
rCold    . . .     Gourm    .   g - +0 buckler
rNeg     . . .     Faith    .   (armour unavailable)
rPois    +         Spirit   .   b - +0 hat
rElec    .         Reflect  .   o - +0 cloak
rCorr    .         Harm     .   d - +1 pair of gloves
MR       .....                  (no boots)
Stlth    +.........             (no amulet)
HPRegen  0.23/turn              (no ring)
MPRegen  0.12/turn              (no ring)

@: very slightly contaminated, hasted, drained, invisible, very quick
A: breathe noxious fumes, unfitting armour, poison resistance, cold-blooded, AC
+7
a: Breathe Noxious Fumes, Heroism, Renounce Religion


You were on level 9 of the Dungeon.
You worshipped Okawaru.
Okawaru was greatly pleased with you.
You were not hungry.

You visited 2 branches of the dungeon, and saw 10 of its levels.

You collected 435 gold pieces.

Inventory:

Hand Weapons
 a - a +1 war axe
 e - a +1 war axe of chopping (weapon)
 f - a +1 hand axe of flaming
Armour
 b - a +0 hat (worn)
 d - a +1 pair of gloves (worn)
 g - a +0 buckler (worn)
 o - a +0 cloak (worn)
Jewellery
 x - an uncursed amulet of the gourmand
Wands
 m - a wand of random effects (20)
 p - a wand of clouds (6)
 r - a wand of flame (44)
Scrolls
 i - 3 scrolls of remove curse
 l - a scroll of fear
 n - a scroll of identify
 w - 2 scrolls of enchant weapon
Potions
 c - a potion of mutation {unknown}
 j - a potion of invisibility
 k - 2 potions of curing
 q - a potion of magic
 u - a potion of ambrosia
Comestibles
 h - 4 rations


   Skills:
 + Level 6.0(5.9) Fighting
 * Level 12.2(12.1) Axes
 - Level 1.7(1.6) Throwing
 + Level 4.9(4.8) Dodging
 + Level 4.3(4.2) Shields


You had 9 spell levels left.
You didn't know any spells.

Dungeon Overview and Level Annotations

Branches:
Dungeon (9/15)             Temple (1/1) D:4             Orc (0/2) D:9
   Lair: D:8-11

Altars:
Cheibriados
Dithmenos
Elyvilon
Fedhas
Hepliaklqana
Kikubaaqudgha
Makhleb
Nemelex Xobeh
Okawaru
Ru
Sif Muna
Trog
Uskayaw
Vehumet
Zin
The Shining One

Annotations:
D:4 MTVSty1e's ghost, amateur DrBe
D:8 Erica; Joseph
D:9 2 transporters, Amon001's ghost, novice GnSk


Innate Abilities, Weirdness & Mutations

You can breathe blasts of noxious fumes.
Your lurid green scales are hard. (AC +7)
You cannot fit into any form of body armour.
Your system is resistant to poisons. (rPois)
You are cold-blooded and may be slowed by cold attacks.


Message History

Press: ? - help, Shift-Dir - straight line, f/p - Amon001's ghost
Aim: Amon001's ghost, wielding a weapon of electrocution (regenerating, chance to defeat MR: 12%) Amon001's ghost is unaffected.
Amon001's ghost hits you.
* * * LOW HITPOINT WARNING * * *
You are electrocuted!
* * * LOW HITPOINT WARNING * * *
Evoke which item? (* to show all) (? for menu, Esc to quit)
Aiming: Polymorph
Press: ? - help, Shift-Dir - straight line, f/p - Amon001's ghost
Aim: Amon001's ghost, wielding a weapon of electrocution (regenerating, chance to defeat MR: 12%) Amon001's ghost is unaffected.
Evoke which item? (* to show all) (? for menu, Esc to quit)
Aiming: Polymorph
Press: ? - help, Shift-Dir - straight line, f/p - Amon001's ghost
Aim: Amon001's ghost, wielding a weapon of electrocution (regenerating, chance to defeat MR: 12%) Amon001's ghost is unaffected.
The now-empty wand crumbles to dust.
Amon001's ghost hits you!
* * * LOW HITPOINT WARNING * * *
You are electrocuted!
You die...

.# # #§§§§§§§§§# #...# #.....#
.##.###§§§[($§§§#####...####..#..
S.....#§§§DDJJJ§#........##..#..#
z.....# #########........##.#####
z###### #.©...############.# .#
#.....# #.# .# #######....# #.#
.. ...........############.#####
... ...........W@................
.## ######.############..........
.# #. #..######## #. #..# #. #..#
#. #..# #. #..# #. #..# #..# #


You could see Amon001's ghost.

Vanquished Creatures
  Prince Ribbit (D:8)
  A troll (D:9)
  A hungry ghost (D:9)
  4 ice beasts
  2 orc warriors (D:9)
  3 sky beasts
  3 phantoms
  3 ogres
  A black bear (D:9)
  4 centaurs
  Blork the orc (D:6)
  A big kobold (D:6)
  2 bullfrogs
  2 gnoll sergeants
  3 killer bees (D:8)
  5 wights (D:9)
  4 hounds
  2 jellies
  A bullfrog zombie (D:9)
  6 orc priests
  10 orc wizards
  An iguana (D:6)
  10 worker ants
  A worker ant zombie (D:5)
  11 gnolls
  10 adders
  2 shadow imps (D:7)
  An ooze (D:2)
  An adder skeleton (D:4)
  3 worms
  2 dart slugs (D:1)
  6 leopard geckos
  34 orcs
  7 giant cockroaches
  5 goblins
  5 hobgoblins
  6 jackals
  12 kobolds
  3 quokkas
  3 ball pythons
  3 bats
  6 frilled lizards
  2 rats (D:1)
194 creatures vanquished.

Vanquished Creatures (others)
  An adder (D:2)
  A hobgoblin (D:2)
  A fungus (D:8)
  2 plants (D:8)
5 creatures vanquished.

Grand Total: 199 creatures vanquished

Notes
Turn   | Place    | Note
-------+----------+-------------------------------------------
     0 | D:1      | MTVSty1e the Draconian Gladiator began the quest for the Orb.
     0 | D:1      | Reached XP level 1. HP: 17/17 MP: 1/1
   169 | D:1      | Reached XP level 2. HP: 25/25 MP: 2/2
   725 | D:1      | Reached XP level 3. HP: 29/30 MP: 3/3
  1044 | D:2      | Reached skill level 4 in Axes
  1080 | D:2      | Found a radiant altar of Vehumet.
  1109 | D:2      | Found a faded altar of an unknown god.
  1243 | D:2      | Found a bloodstained altar of Trog.
  1270 | D:2      | You fall through a shaft!
  1321 | D:2      | Found a sparkling altar of Nemelex Xobeh.
  1822 | D:2      | Reached XP level 4. HP: 26/38 MP: 4/4
  2479 | D:3      | Reached skill level 5 in Axes
  2543 | D:3      | Found a glowing golden altar of the Shining One.
  2738 | D:4      | Noticed a phantom
  3183 | D:4      | Found a staircase to the Ecumenical Temple.
  3246 | Temple   | Entered the Ecumenical Temple
  3253 | Temple   | Became a worshipper of Warmaster Okawaru
  3417 | D:4      | Noticed an ogre
  3417 | D:4      | Reached XP level 5. HP: 40/45 MP: 5/5
  3423 | D:4      | Killed an ogre
  3423 | D:4      | Reached skill level 6 in Axes
  3513 | D:4      | Killed a phantom
  3513 | D:4      | Reached XP level 6. HP: 25/51 MP: 6/6
  3809 | D:4      | Reached * piety under Okawaru
  3809 | D:4      | Reached skill level 7 in Axes
  4410 | D:4      | Found a sacrificial altar of Ru.
  4527 | D:4      | Your scales start taking on a lurid green colour.
  4527 | D:4      | Reached XP level 7. HP: 35/57 MP: 7/7
  4527 | D:4      | Gained mutation: Your system is resistant to poisons. (rPois) [Green Draconian growth]
  4651 | D:4      | Noticed MTVSty1e's ghost (amateur DrBe)
  4877 | D:5      | Entered Level 5 of the Dungeon
  5103 | D:5      | Found a hide-covered altar of Uskayaw.
  5237 | D:5      | Reached skill level 8 in Axes
  5463 | D:5      | Reached ** piety under Okawaru
  5496 | D:5      | Reached skill level 9 in Axes
  5790 | D:5      | Reached XP level 8. HP: 57/63 MP: 8/8
  5972 | D:5      | Found a burning altar of Makhleb.
  5977 | D:5      | Found a snail-covered altar of Cheibriados.
  5977 | D:5      | Found a hide-covered altar of Uskayaw.
  5992 | D:5      | Reached skill level 10 in Axes
  6601 | D:6      | Noticed Blork the orc
  6620 | D:6      | Killed Blork the orc
  7015 | D:7      | Reached *** piety under Okawaru
  7095 | D:7      | Reached skill level 1 in Shields
  7167 | D:7      | Found a blossoming altar of Fedhas.
  7176 | D:7      | Reached skill level 11 in Axes
  7503 | D:8      | Reached XP level 9. HP: 71/71 MP: 9/9
  7670 | D:8      | Noticed Prince Ribbit
  7695 | D:8      | Killed Prince Ribbit
  7869 | D:8      | Reached **** piety under Okawaru
  7890 | D:8      | Noticed Erica
  7897 | D:8      | Noticed Joseph
  7909 | D:9      | Found a transporter.
  7916 | D:9      | Reached skill level 5 in Fighting
  8070 | D:9      | Found a staircase to the Orcish Mines.
  8443 | D:9      | Reached skill level 12 in Axes
  8589 | D:9      | Noticed a troll
  8598 | D:9      | Killed a troll
  8677 | D:9      | Reached XP level 10. HP: 42/83 MP: 10/10
  9058 | D:9      | Reached ***** piety under Okawaru
  9060 | D:9      | Found a transporter.
  9064 | D:9      | Noticed Amon001's ghost (novice GnSk)
  9100 | D:9      | Mangled by Amon001's ghost

Skill      XL: |  1  2  3  4  5  6  7  8  9 10 |
---------------+-------------------------------+-----
Axes           | 4 5 6 7 9 11 12 | 12.2
Fighting       | 3 4 5 6 |  6.0
Dodging        | 3 4 |  4.9
Shields        | 1 4 |  4.3
Throwing       | |  1.7

Action                   |  1- 3 |  4- 6 |  7- 9 | 10-12 || total
-------------------------+-------+-------+-------+-------++-------
Melee: War axe           |   102 |   142 |   306 |    48 ||   598
       Tailslap          |     8 |    17 |    36 |     5 ||    66
Invok: Heroism           |       |       |     4 |     1 ||     5
 Abil: Breathe Noxious F |       |       |     8 |       ||     8
Evoke: Wand              |       |       |       |     6 ||     6
  Use: Scroll            |     3 |     5 |    10 |       ||    18
       Potion            |       |     6 |     3 |     2 ||    11
 Stab: Sleeping          |     2 |       |     1 |       ||     3
       Confused          |       |       |     6 |       ||     6
  Eat: Ration            |     1 |     1 |     2 |       ||     4
       Chunk             |       |     4 |    11 |     1 ||    16
Armor: Skin              |    36 |    28 |    80 |     8 ||   152
Dodge: Dodged            |    87 |    75 |   171 |    25 ||   358
Block: Buckler           |       |       |    43 |    13 ||    56
